 Dungeon Crawl Stone Soup version 0.20.1-1-g8b1a95d (webtiles) character file.

540606 Minstaer the Slayer (level 24, -39/237 HPs)
             Began as a Minotaur Berserker on Nov 4, 2017.
             Was the Champion of Trog.
             Killed from afar by an orb of fire (42 damage)
             ... with a fireball
             ... on level 5 of the Realm of Zot.
             The game lasted 07:46:09 (52366 turns).

Minstaer the Slayer (Minotaur Berserker)           Turns: 52366, Time: 07:46:10

Health: -39/237    AC: 36    Str: 26    XL:     24   Next: 72%
Magic:  22/22      EV: 32    Int:  4    God:    Trog [******]
Gold:   686        SH: 22    Dex: 25    Spells: 23/23 levels left

rFire    + . .     SeeInvis +   a - +8 mithril axe "Arga" {speed, MR+}
rCold    . . .     Gourm    .   A - +4 shield {rPois}
rNeg     . . .     Faith    .   V - +1 plate armour of Servitude {Slay+6} (curse)
rPois    +         Spirit   .   (helmet unavailable)
rElec    +         Reflect  .   v - +2 cloak {MR+}
rCorr    .         Harm     +   U - +0 pair of gloves of Zoommair {Regen+}
MR       ++++.                  x - +5 pair of boots "Kutwar" {rF+ Dex+2}
Stlth    ..........             d - amulet "Norug" {Harm *Drain rElec MR+ SInv}
Regen    1.3/turn               M - +5 ring of dexterity
MPRegen  0.2/turn               u - ring of Phasing {EV+8}

@: no status effects
A: retaliatory headbutt, hooves 1, horns 3, molten scales 1, regeneration 1,
subdued magic 1, sturdy frame 2
}: 3/15 runes: barnacled, slimy, gossamer
a: Berserk, Trog's Hand, Brothers in Arms, Burn Spellbooks, Renounce Religion


You were on level 5 of the Realm of Zot.
You worshipped Trog.
Trog was exalted by your worship.
You were near starving.

You visited 10 branches of the dungeon, and saw 50 of its levels.
You also visited: Sewer and Bailey.

You collected 6391 gold pieces.
You spent 5705 gold pieces at shops.

Inventory:

Hand Weapons
 a - the +8 mithril axe "Arga" (weapon) {speed, MR+}
   (You bought it in a shop on level 4 of the Depths)

   Attacks with this weapon are significantly faster.
   It affects your resistance to hostile enchantments.
 b - a +9 hand crossbow of velocity
 g - the +7 great mace "Firestarter" {inner flame, rF++}
   (You found it on level 1 of the Depths)

   It has been specially enchanted to burn those struck by it, causing extra
   injury to most foes and up to half again as much damage against particularly
   susceptible opponents.
   It greatly protects you from fire.
 L - a +9 broad axe of flaming
Missiles
 f - 822 bolts
Armour
 h - the +0 chain mail of the Moon {Str+5}
   (You found it on level 4 of the Shoals)

   It affects your strength (+5).
 v - a +2 cloak of magic resistance (worn)
 x - the +5 pair of boots "Kutwar" (worn) {rF+ Dex+2}
   (You bought it in a shop on level 2 of the Elven Halls)

   It affects your dexterity (+2).
   It protects you from fire.
 A - a +4 shield of poison resistance (worn)
 U - the +0 pair of gloves of Zoommair (worn) {Regen+}
   (You found it in a bailey)

   It increases your rate of regeneration.
 V - the cursed +1 plate armour of Servitude (worn) {Slay+6}
   (You found it on level 3 of the Depths)

   It affects your accuracy and damage with ranged weapons and melee attacks
   (+6).
   It has a curse placed upon it.
Jewellery
 d - the amulet "Norug" (around neck) {Harm *Drain rElec MR+ SInv}
   (You acquired it on level 9 of the Dungeon)

   [amulet of harm]

   It increases damage dealt and taken.
   It insulates you from electricity.
   It affects your resistance to hostile enchantments.
   It lets you see invisible.
   It causes draining when unequipped.
 u - the ring of Phasing (right hand) {EV+8}
   (You bought it in a shop on level 4 of the Dungeon)

   [ring of evasion]

   It affects your evasion (+8).
 y - the ring "Obreurph" {rPois rC+ rN+}
   (You bought it in a shop on level 4 of the Dungeon)

   [ring of protection from cold]

   It protects you from cold.
   It protects you from poison.
   It protects you from negative energy.
 I - a +5 amulet of reflection
 M - a +5 ring of dexterity (left hand)
Wands
 s - a wand of digging (13/24)
 P - a wand of flame (37/48)
 R - a wand of acid (7/15)
 T - a wand of clouds (4/9)
 X - a wand of disintegration (23/24)
Scrolls
 k - 7 scrolls of blinking
 m - 4 scrolls of fear
 o - 2 scrolls of brand weapon
 p - 6 scrolls of identify
 q - 13 scrolls of remove curse
 t - 8 scrolls of immolation
 w - 11 scrolls of fog
 D - 24 scrolls of teleportation
 E - 2 scrolls of enchant weapon
 H - a scroll of magic mapping
 J - 2 scrolls of recharging
 K - 3 scrolls of torment
 S - 3 scrolls of summoning
 Z - a scroll of silence
Potions
 e - 7 potions of ambrosia
 j - 2 potions of might
 l - 25 potions of curing
 n - 8 potions of agility
 r - 4 potions of invisibility
 z - a potion of resistance
 F - 5 potions of heal wounds
 G - 4 potions of flight
 N - 5 potions of haste
 Q - 9 potions of lignification
 W - 2 potions of cancellation
Books
 i - a book of Spatial Translocations

   Spells                             Type                      Level
   a - Blink                          Translocation                2
   b - Shroud of Golubria             Charms/Translocation         2
   c - Lesser Beckoning               Translocation                3
   d - Gell's Gravitas                Translocation                3
   e - Teleport Other                 Translocation                3
   f - Passage of Golubria            Translocation                4
   Trog disapproves of the use of such an item.
 Y - A Primer on Rites and Rhymes
   (You found it on level 5 of the Pits of Slime)

   Spells                             Type                      Level
   a - Mephitic Cloud                 Conjuration/Poison/Air       3
   b - Ignite Poison                  Fire/Transmutation/Poison    3
   c - Spectral Weapon                Hexes/Charms                 3
   d - Inner Flame                    Hexes/Fire                   3
   e - Vampiric Draining              Necromancy                   3
   Trog disapproves of the use of such an item.
Comestibles
 c - 19 bread rations
 C - 41 fruits
 O - 12 royal jellies


   Skills:
 + Level 23.7 Fighting
 + Level 23.7 Axes
 - Level 13.4 Crossbows
 - Level 5.2 Throwing
 - Level 23.0 Armour
 - Level 18.3 Dodging
 - Level 20.8 Shields


You had 23 spell levels left.
You didn't know any spells.

Dungeon Overview and Level Annotations

Branches:
Dungeon (15/15)            Temple (1/1) D:7            Lair (6/6) D:9
 Shoals (4/4) Lair:2       Spider (4/4) Lair:3        Slime (5/5) Lair:5
    Orc (2/2) D:11            Elf (3/3) Orc:2        Vaults (0/5) D:14
 Depths (5/5) D:15            Zot (5/5) Depths:5

Altars:
Ashenzari
Elyvilon
Fedhas
Gozag
Hepliaklqana
Kikubaaqudgha
Makhleb
Okawaru
Qazlal
Ru
Sif Muna
Trog
Xom
Yredelemnul
The Shining One
Beogh
Jiyva

Shops:
D:4 =   D:9 *   D:12 (%   Orc:2 %!([   Elf:2 [   Shoals:3 ?   Depths:2 ?*
Depths:4 (

Portals:
Hell: Depths:1 Depths:2 Depths:3 Depths:4
Pandemonium: Depths:2 Depths:3 Depths:4
Ziggurat: Depths:3
Trove: D:12 (give horn of Geryon)

Annotations:
D:14 a book
Lair:2 StaffCold + robe rC
Lair:4 exclusion: oklob plant
Lair:6 a book+meat
Spider:3 a book
Elf:1 a book + sack spider


Innate Abilities, Weirdness & Mutations

You reflexively headbutt those who attack you in melee.
You have a pair of large horns on your head.
You have large cloven feet.
You are partially covered in molten scales. (AC +2)
Your natural rate of healing is unusually fast.
Your spells are a little easier to cast, but a little less powerful.
Your movements are less encumbered by armour. (ER -4)


Message History

As you read the scroll of blinking, it crumbles to dust.
A tentacled monstrosity comes into view.
You found a bolt trap!
The orb of fire glows red.
Strange energies course through your body.
Your connection to magic feels subdued.
Found a wand of lightning (?/15).
Evoke which item? (* to show all) (? for menu, Esc to quit)
That's the wrong kind of item! (Use * to select it.) Evoke which item? (* to show all) (? for menu, Esc to quit)
Aiming: Cloud Cone
Press: ? - help, Dir - move target cursor, f/p - orb of fire
Aim: an orb of fire (moderately damaged)
You create a blast of poison gas!
This wand has 4 charges left.
The orb of fire glows yellow.
The bolt of fire hits you! You resist.
* * * LOW HITPOINT WARNING * * *
The orb of fire glows bright magenta.
The fireball explodes!
The fireball engulfs you! You resist.
You die...

....#...###....###..<####...##*,,
.⌠..##...###....###...# ##...#**,
###.########▓▓▓▓########*#####***
...))......# ##.......,,,,,,,**
..).......#* ##....../.,,,,,,,,*
..........# ##......^.........,,
........^## #.................,,
.........# #............^....,,
.........## #..@............./,,
..........# #.^*..............,,
..........## #.§*§*............,,
./.........###§§§§..§X^........,,
#########...###§§§§............,,
##....##..........^....,*
###..^^.....(.......!.**
#▓▓▓▓▓▓▓▓▓▓▓##.....▓*
****,,,,,,,,,......**


You could see 3 orbs of fire and a tentacled monstrosity.

Vanquished Creatures
  the Royal Jelly (Slime:5)
  A juggernaut (Depths:5)
  An ancient lich (Zot:5)
  2 Killer Klowns
  A curse toe (Zot:4)
  2 golden dragons
  3 tentacled monstrosities
  A lich (Depths:2)
  Asterion (Depths:1)
  A titan (Depths:2)
  9 Orb Guardians (Zot:5)
  21 acid blobs
  A deep elf blademaster (Elf:3)
  4 quicksilver dragons
  A deep elf master archer (Elf:3)
  2 death cobs
  Frances (Spider:1)
  6 sphinxes
  Polyphemus (Shoals:4)
  A shadow dragon (Depths:5)
  6 draconian monks
  Ilsuiw (Shoals:4)
  3 tengu reavers
  17 azure jellies
  2 storm dragons
  8 fire giants
  4 deep elf sorcerers (Elf:3)
  4 frost giants
  Louise (Shoals:4)
  3 draconian knights
  4 orc warlords
  A balrug (Depths:3)
  6 draconian scorchers
  An iron dragon (Depths:4)
  4 ghost moths
  7 deep elf elementalists (Elf:3)
  3 draconian annihilators
  4 draconian shifters
  7 emperor scorpions
  A cacodemon (Depths:4)
  A ghoul (Depths:2)
  3 spriggan defenders
  4 draconian stormcallers (Zot:4)
  12 stone giants
  19 very ugly things
  15 green draconians
  4 vampire knights
  2 entropy weavers
  6 black draconians
  8 purple draconians
  6 yellow draconians
  5 deep elf annihilators
  6 deep elf demonologists
  Azrael (Elf:1)
  5 spark wasps
  6 white draconians
  6 red draconians
  6 deep elf death magi
  10 ettins
  Josephine (D:13)
  3 death oozes
  A minotaur (Depths:2)
  3 merfolk javelineers (Shoals:4)
  6 great orbs of eyes
  A blizzard demon (Depths:3)
  A deep elf high priest (Elf:3)
  9 yaktaur captains
  12 merfolk impalers (Shoals:4)
  6 ogre magi
  9 fire dragons
  A rakshasa (Depths:2)
  Fannar (Lair:2)
  7 ice dragons
  2 naga warriors (Depths:2)
  2 vault guards (D:14)
  9 hydras
  2 catoblepae
  A monstrous demonspawn (Depths:3)
  2 spriggan air magi
  6 merfolk avatars
  4 centaur warriors
  6 merfolk aquamancers
  16 two-headed ogres
  35 dancing weapons
  4 satyrs
  10 deep troll shamans
  10 deep troll earth magi
  5 tengu warriors
  4 vampire magi
  4 orc high priests
  Urug (Lair:4)
  32 deep elf knights
  8 spriggan berserkers
  A soul eater (Depths:3)
  9 skeletal warriors
  2 sun demons (Depths:3)
  7 iron trolls (Depths:1)
  A salamander mystic (Depths:2)
  3 hell knights
  23 deep trolls
  A wizard (Depths:1)
  10 sea snakes
  2 flayed ghosts
  An unseen horror (D:13)
  21 deep elf archers
  5 glowing orange brains
  22 harpies
  5 orc knights
  4 necromancers
  2 phantasmal warriors (Depths:2)
  21 orb spiders
  59 deep elf magi
  An orc sorcerer (Orc:2)
  A harpy (shapeshifter) (Elf:2)
  2 cyclopes
  9 shining eyes
  13 fauns
  2 stone giant skeletons (D:15)
  31 wolf spiders
  6 manticores
  5 moths of wrath
  A centaur zombie (D:14)
  7 elephants
  15 ugly things
  A rust devil (Depths:4)
  15 merfolk sirens
  2 naga magi (Depths:2)
  9 black mambas
  A black mamba (shapeshifter) (D:13)
  2 eyes of devastation
  Maurice (D:9)
  A torpor snail (Spider:3)
  A smoke demon (Depths:4)
  Psyche (D:10)
  8 water nymphs
  A spiny frog (shapeshifter) (Depths:4)
  A guardian serpent (Lair:6)
  10 spiny frogs
  4 rime drakes
  11 yaktaurs
  2 efreet
  4 kobold demonologists
  14 demonic crawlers
  10 komodo dragons
  2 rime drakes (shapeshifter)
  2 hellwings
  4 tengu conjurers
  38 jumping spiders
  33 merfolk
  8 trolls
  6 wind drakes
  A merfolk (shapeshifter) (Depths:4)
  10 polar bears (Lair:6)
  113 slime creatures
  10 hippogriffs
  8 snapping turtles
  A raiju (Lair:6)
  9 hornets
  3 blink frogs (Lair:6)
  A meliai zombie (D:15)
  18 dream sheep
  The ghost of Minstaer the Firebug, an amateur HuFE of Hepliaklqana (D:4)
  4 air elementals
  2 shadows
  12 wraiths
  A deep troll skeleton (D:15)
  43 tarantellas
  2 vampires (Depths:2)
  50 yaks
  4 spriggans
  116 redbacks
  4 hungry ghosts
  8 fire elementals
  Grum (D:8)
  15 wyverns
  A golden eye (shapeshifter) (Depths:3)
  16 golden eyes
  21 water elementals
  2 basilisks
  2 chaos spawn (Depths:4)
  6 vampire mosquitoes
  A neqoxec (Depths:3)
  Menkaure (D:6)
  10 wargs
  18 water moccasins
  6 porcupines
  19 hell hounds
  40 orc warriors
  8 ice beasts
  9 eyes of draining
  14 ogres
  A necrophage (D:13)
  12 black bears
  3 sky beasts
  38 wolves
  14 centaurs
  2 phantoms
  A boggart (Depths:2)
  8 crocodiles
  A yaktaur zombie (D:15)
  18 bullfrogs
  A gnoll sergeant (D:9)
  8 big kobolds
  A wyvern zombie (D:9)
  4 earth elementals
  3 scorpions
  15 killer bees
  6 electric eels
  10 wights
  6 howler monkeys
  5 crimson imps
  A bullfrog zombie (D:6)
  A quasit (D:7)
  5 human zombies (D:11)
  8 hounds
  28 orc priests
  38 orc wizards
  5 centaur skeletons
  7 jellies
  Crazy Yiuf (D:7)
  3 bullfrog skeletons
  9 iguanas
  2 iron imps
  2 human skeletons (D:11)
  11 worker ants
  2 hound zombies
  4 mummies (D:11)
  10 gnolls
  14 adders
  5 shadow imps
  An ufetubus (Depths:4)
  5 oozes (D:9)
  An adder zombie (D:5)
  4 worms
  6 adder skeletons
  2 dart slugs
  7 leopard geckos
  127 orcs
  3 ball pythons
  8 bats
  14 giant cockroaches
  16 goblins
  14 hobgoblins
  15 jackals
  31 kobolds
  5 quokkas
  A ball python skeleton (D:4)
  6 frilled lizards
  A leopard gecko zombie (D:8)
  A quokka zombie (D:6)
  12 rats
  A crawling corpse (Elf:3)
  3 fungi
  22 plants
  A withered plant (D:15)
2212 creatures vanquished.

Vanquished Creatures (collateral kills)
  A tentacled monstrosity (Zot:4)
  A deep elf blademaster (Elf:3)
  An Orb Guardian (Zot:5)
  A frost giant (Depths:5)
  2 draconian annihilators (Zot:4)
  2 draconian shifters
  A stone giant (Depths:1)
  An entropy weaver (Spider:1)
  The ghost of othur the Severer, a journeyman MiCK of Xom (Spider:1)
  3 yellow draconians
  A purple draconian (Zot:4)
  A merfolk javelineer (Shoals:4)
  2 vault guards (D:14)
  A catoblepas (Shoals:4)
  A death knight (D:12)
  2 deep troll shamans (Depths:1)
  An ogre mage (Depths:1)
  2 death yaks (Shoals:4)
  2 skeletal warriors (D:12)
  A wizard (D:14)
  3 orb spiders (Spider:1)
  An orc knight (Orc:2)
  A wolf spider (Spider:1)
  A water nymph (Shoals:4)
  The ghost of Jerry the Chopper, a novice VSFi of Okawaru (D:6)
  A yaktaur (Depths:1)
  8 jumping spiders
  A troll (Orc:1)
  2 merfolk (Shoals:4)
  A hornet (D:14)
  7 slime creatures
  2 redbacks
  A wraith (D:13)
  A water moccasin (Spider:1)
  3 eyes of draining (Slime:5)
  4 orc warriors
  4 ogres (Orc:1)
  A bullfrog (D:14)
  An orc wizard (Orc:2)
  4 orc priests (Orc:1)
  9 orcs
  2 crawling corpses (Elf:3)
87 creatures vanquished.

Vanquished Creatures (others)
  A deep elf master archer (Elf:3)
  A draconian knight (Zot:4)
  A deep elf demonologist (Elf:3)
  Nessos (Lair:6)
  A deep elf annihilator (Elf:3)
  An ettin (Depths:2)
  A dancing weapon (Elf:1)
  2 deep elf archers
  A wolf spider (Spider:4)
  3 deep elf magi (Elf:1)
  A redback (Spider:4)
  A water elemental (Elf:1)
  An orc warrior (Orc:1)
  An ogre (Orc:1)
  A bullfrog (D:13)
  A shadow imp (Depths:4)
  3 fungi
  17 plants
  4 withered plants (D:15)
43 creatures vanquished.

Grand Total: 2342 creatures vanquished

Notes
Turn   | Place    | Note
-------+----------+-------------------------------------------
     0 | D:1      | Minstaer the Minotaur Berserker began the quest for the Orb.
     0 | D:1      | Reached XP level 1. HP: 19/19 MP: 0/0
   226 | D:1      | Reached XP level 2. HP: 26/27 MP: 1/1
   698 | D:1      | Reached ** piety under Trog
   997 | D:1      | Reached XP level 3. HP: 33/33 MP: 2/2
  1519 | D:2      | Reached skill level 5 in Axes
  1563 | D:2      | Found a blossoming altar of Fedhas.
  2107 | D:3      | Reached XP level 4. HP: 40/40 MP: 3/3
  2806 | D:3      | Found a deep blue altar of Sif Muna.
  2873 | D:3      | Found a shattered altar of Ashenzari.
  3010 | D:4      | Reached XP level 5. HP: 40/47 MP: 4/4
  3060 | D:4      | Found Xaac's Jewellery Shop.
  3092 | D:4      | Reached *** piety under Trog
  3157 | D:4      | HP: 3/70 [poisoned by an adder]
  3162 | D:4      | HP: 3/70 [poisoned by an adder]
  3166 | D:4      | HP: 1/47 [poisoned by an adder]
  3320 | D:4      | Found a glowing drain.
  3324 | Sewer    | Entered a sewer
  3543 | Sewer    | Reached skill level 5 in Fighting
  3543 | Sewer    | Reached XP level 6. HP: 55/56 MP: 5/5
  3739 | D:4      | Reached **** piety under Trog
  4203 | D:4      | Noticed Minstaer's ghost (amateur HuFE)
  4220 | D:4      | Killed Minstaer's ghost
  4220 | D:4      | Reached skill level 5 in Armour
  4220 | D:4      | Reached XP level 7. HP: 39/61 MP: 6/6
  4299 | D:4      | Found a bloodstained altar of Trog.
  4701 | D:5      | Entered Level 5 of the Dungeon
  4942 | D:5      | Found a burning altar of Makhleb.
  5668 | D:5      | Reached XP level 8. HP: 67/71 MP: 7/7
  6087 | D:5      | Reached ***** piety under Trog
  6591 | D:6      | Reached skill level 10 in Axes
  6617 | D:6      | Noticed Jerry's ghost (novice VSFi)
  6636 | D:6      | Killed Jerry's ghost
  6820 | D:6      | Found a shimmering altar of Xom.
  6888 | D:6      | Found an iron altar of Okawaru.
  6889 | D:6      | Noticed Menkaure
  6890 | D:6      | Found a glowing golden altar of the Shining One.
  6902 | D:6      | Killed Menkaure
  7144 | D:6      | Found a stormy altar of Qazlal.
  7204 | D:6      | Reached XP level 9. HP: 78/79 MP: 8/8
  7232 | D:6      | Found a basalt altar of Yredelemnul.
  7610 | D:6      | Found a sacrificial altar of Ru.
  7741 | D:7      | Found an ancient bone altar of Kikubaaqudgha.
  8450 | D:7      | Found a staircase to the Ecumenical Temple.
  8496 | Temple   | Entered the Ecumenical Temple
  8695 | D:7      | Found a runed door.
  8787 | D:7      | Found a white marble altar of Elyvilon.
  8844 | D:7      | Noticed Crazy Yiuf
  8846 | D:7      | Killed Crazy Yiuf
  9015 | D:8      | Noticed Grum
  9029 | D:8      | Killed Grum
  9403 | D:8      | Reached XP level 10. HP: 89/89 MP: 9/9
  9871 | D:9      | Noticed Maurice
  9882 | D:9      | Killed Maurice
  9933 | D:9      | Noticed a two-headed ogre
  9950 | D:9      | Killed a two-headed ogre
 10051 | D:9      | Found a burning altar of Makhleb.
 10069 | D:9      | Found Akhlem's General Store.
 10086 | D:9      | Received a gift from Trog
 10157 | D:9      | Found a staircase to the Lair.
 10428 | D:10     | Entered Level 10 of the Dungeon
 10448 | D:10     | Reached skill level 1 in Shields
 10461 | D:10     | Reached skill level 15 in Axes
 10685 | D:10     | Noticed Psyche
 10686 | D:10     | Noticed a two-headed ogre
 10688 | D:10     | Killed Psyche
 10695 | D:10     | Killed a two-headed ogre
 10695 | D:10     | Reached skill level 10 in Fighting
 10695 | D:10     | Reached skill level 5 in Shields
 10848 | D:10     | Reached XP level 11. HP: 99/99 MP: 10/10
 11491 | D:11     | Found a staircase to the Orcish Mines.
 11990 | D:11     | Noticed a white ugly thing
 11998 | D:11     | Killed a white ugly thing
 11998 | D:11     | Received a gift from Trog
 12387 | D:11     | Found an ancient bone altar of Kikubaaqudgha.
 12492 | D:12     | Found Ivuupluk's Weapon Boutique.
 12505 | D:12     | Reached skill level 10 in Shields
 12533 | D:12     | Found a portal to a secret trove of treasure.
 12580 | D:12     | Noticed a skeletal warrior
 12580 | D:12     | Noticed a death knight
 12581 | D:12     | Noticed a skeletal warrior
 12583 | D:12     | Noticed a skeletal warrior
 12584 | D:12     | Noticed a skeletal warrior
 12589 | D:12     | Killed a death knight
 12593 | D:12     | Noticed a skeletal warrior
 12593 | D:12     | Received a gift from Trog
 12601 | D:12     | Killed a skeletal warrior
 12603 | D:12     | Killed a skeletal warrior
 12815 | D:12     | Found Imotaste's Food Shoppe.
 12851 | D:12     | Noticed a four-headed hydra
 13209 | Lair:1   | Entered Level 1 of the Lair of Beasts
 13462 | Lair:1   | Noticed a four-headed hydra
 13468 | Lair:1   | Killed an eight-headed hydra
 13468 | Lair:1   | Reached XP level 12. HP: 64/106 MP: 11/11
 13802 | Lair:1   | Got an encrusted scale mail
 13817 | Lair:1   | Identified the +4 scale mail of Hepliaklqana's Delight {rF+ Slay-4 SInv} (You found it on level 1 of the Lair of Beasts)
 14296 | D:4      | Bought the ring "Obreurph" {rPois rC+ rN+} for 404 gold pieces
 14644 | Lair:2   | Noticed Fannar
 14653 | Lair:2   | Killed Fannar
 14770 | Lair:2   | Found a staircase to the Shoals.
 14799 | Lair:2   | Reached skill level 15 in Shields
 14915 | Lair:2   | Noticed a seven-headed hydra
 14925 | Lair:2   | Killed a 12-headed hydra
 14925 | Lair:2   | Reached skill level 5 in Dodging
 15110 | Lair:2   | Identified the Catalogue of Freezing Conjuration
 16057 | Lair:3   | Found a hole to the Spider Nest.
 16067 | Lair:3   | Reached XP level 13. HP: 86/113 MP: 12/12
 16624 | Lair:4   | Noticed Urug
 16641 | Lair:4   | Killed Urug
 16641 | Lair:4   | Reached ****** piety under Trog
 17395 | Lair:5   | Reached skill level 10 in Armour
 17880 | Lair:5   | Found a viscous altar of Jiyva.
 17881 | Lair:5   | Found a staircase to the Slime Pits.
 17911 | Lair:5   | Reached skill level 10 in Dodging
 18461 | Lair:5   | Received a gift from Trog
 18464 | Lair:5   | Got a twisted morningstar {god gift}
 18553 | Lair:5   | Identified the +6 morningstar of the Final Decision {crush, rF++} (Trog gifted it to you on level 5 of the Lair of Beasts)
 18967 | Lair:6   | Entered Level 6 of the Lair of Beasts
 19220 | Lair:6   | Found a hazy altar of Hepliaklqana.
 19239 | Lair:6   | Got a smoking trident
 19289 | Lair:6   | Noticed Nessos
 19295 | Lair:6   | Killed Nessos
 19433 | Lair:6   | Reached XP level 14. HP: 109/122 MP: 13/13
 19477 | Lair:6   | Identified the +11 trident "Tomoenwenku" {pierce, rElec rF- Str+2} (You found it on level 6 of the Lair of Beasts)
 19894 | Lair:6   | Received a gift from Trog
 19903 | Lair:6   | Got an encrusted bardiche {god gift}
 19909 | Lair:6   | Identified the +3 bardiche of Ixocoj {drain, rN+ Dex+2} (Trog gifted it to you on level 6 of the Lair of Beasts)
 21053 | D:11     | Reached skill level 1 in Throwing
 21119 | Orc:1    | Entered Level 1 of the Orcish Mines
 21123 | Orc:1    | Noticed an orc warlord
 21140 | Orc:1    | Killed an orc warlord
 21140 | Orc:1    | Received a gift from Trog
 21391 | Orc:1    | Noticed an orc warlord
 21408 | Orc:1    | Killed an orc warlord
 21980 | Orc:2    | Entered Level 2 of the Orcish Mines
 22190 | Orc:2    | Found a roughly hewn altar of Beogh.
 22191 | Orc:2    | Found Mefeaza's Distillery.
 22236 | Orc:2    | Found a staircase to the Elven Halls.
 22236 | Orc:2    | Noticed a stone giant
 22253 | Orc:2    | Killed a stone giant
 22291 | Orc:2    | Found a roughly hewn altar of Beogh.
 22293 | Orc:2    | Found Giyn's Food Emporium.
 22303 | Orc:2    | Received a gift from Trog
 22820 | Orc:2    | Noticed an orc warlord
 22830 | Orc:2    | Reached skill level 5 in Throwing
 22838 | Orc:2    | Killed an orc warlord
 22846 | Orc:2    | Found Doidgh's Antique Armour Boutique.
 22887 | Orc:2    | Found Poak's Antique Weapon Shop.
 22888 | Orc:2    | Found a roughly hewn altar of Beogh.
 23065 | Orc:2    | Found a roughly hewn altar of Beogh.
 23107 | Orc:2    | Noticed a stone giant
 23115 | Orc:2    | Killed a stone giant
 23115 | Orc:2    | Received a gift from Trog
 23115 | Orc:2    | Reached XP level 15. HP: 136/136 MP: 14/14
 23192 | Orc:2    | Found a roughly hewn altar of Beogh.
 23696 | D:4      | Bought the amulet of Maxtitami {Gourm +Blink rElec rC- Slay+2} for 524 gold pieces
 23696 | D:4      | Bought the ring of Phasing {EV+8} for 1280 gold pieces
 23995 | Spider:1 | Entered Level 1 of the Spider Nest
 23995 | Spider:1 | Noticed Frances
 24007 | Spider:1 | Noticed othur's ghost (journeyman MiCK)
 24157 | Spider:1 | Received a gift from Trog
 24164 | Spider:1 | Killed othur's ghost
 24375 | Spider:1 | Killed Frances
 24486 | Spider:1 | Received a gift from Trog
 24907 | Spider:1 | You fall through a shaft!
 25187 | Spider:1 | Received a gift from Trog
 26375 | Spider:2 | Received a gift from Trog
 27413 | Spider:3 | Reached skill level 15 in Fighting
 27423 | Spider:3 | Reached XP level 16. HP: 149/149 MP: 15/15
 27951 | Spider:3 | Received a gift from Trog
 28333 | Spider:4 | Entered Level 4 of the Spider Nest
 28765 | Spider:4 | Gained mutation: Your spells are a little harder to cast, but a little more powerful. [mutagenic meat]
 29062 | Spider:4 | Reached skill level 1 in Crossbows
 29138 | Spider:4 | Received a gift from Trog
 29552 | Spider:4 | Reached skill level 5 in Crossbows
 29570 | Spider:4 | Got a gossamer rune of Zot
 29603 | Spider:4 | Identified a scroll of acquirement
 30710 | D:13     | Reached XP level 17. HP: 152/161 MP: 16/16
 30948 | D:13     | Found a flagged portal.
 30957 | Bailey   | Entered a bailey
 31003 | Bailey   | Found an iron altar of Okawaru.
 31011 | Bailey   | Received a gift from Trog
 31140 | Bailey   | Got a pair of shimmering gloves
 31144 | Bailey   | Got a shimmering robe
 31156 | Bailey   | Identified the cursed +0 pair of gloves of Zoommair {Regen+} (You found it in a bailey)
 31640 | D:13     | Gained mutation: You have a somewhat thin skeletal structure. (Dex +2, Stealth) [mutagenic meat]
 31747 | D:13     | Got a pair of translucent gloves
 31759 | D:13     | Identified the +0 pair of gloves "Xuimecw" {-Tele Regen+ Int+3 Dex+3} (You acquired it on level 13 of the Dungeon)
 31779 | D:13     | Identified the +1 robe of the Pirate {*Drain rElec Str+5 SInv} (You found it in a bailey)
 31829 | D:13     | Received a gift from Trog
 31906 | D:13     | Noticed Josephine
 31919 | D:13     | Killed Josephine
 32056 | D:14     | Found an opulent altar of Gozag.
 32487 | D:14     | Found a gate to the Vaults.
 32498 | D:14     | Reached skill level 10 in Crossbows
 32798 | Elf:1    | Entered Level 1 of the Elven Halls
 32897 | Elf:1    | Received a gift from Trog
 33025 | Elf:1    | Noticed Azrael
 33035 | Elf:1    | Reached skill level 15 in Armour
 33113 | Elf:1    | Received a gift from Trog
 33160 | Elf:1    | Killed Azrael
 33544 | Elf:1    | Identified the Guide on the Glacier and Dislocation
 33910 | Elf:1    | Reached XP level 18. HP: 169/169 MP: 17/17
 34254 | Elf:2    | Found Yttig's Antique Armour Shop.
 34259 | Elf:2    | Bought a pair of heavily runed boots for 304 gold pieces
 34271 | Elf:2    | Identified the +5 pair of boots "Kutwar" {rF+ Dex+2} (You bought it in a shop on level 2 of the Elven Halls)
 34310 | Elf:2    | Found a runed gate.
 34310 | Elf:2    | Found a runed gate.
 34310 | Elf:2    | Found a runed gate.
 34359 | Elf:2    | Received a gift from Trog
 34491 | Elf:2    | Received a gift from Trog
 34806 | Elf:2    | Received a gift from Trog
 34965 | Elf:2    | Reached skill level 15 in Dodging
 35285 | Elf:3    | Entered Level 3 of the Elven Halls
 35313 | Elf:3    | Received a gift from Trog
 35854 | Elf:3    | Noticed a Brimstone Fiend
 35895 | Elf:3    | Noticed an Ice Fiend
 35946 | Elf:3    | Received a gift from Trog
 35950 | Elf:3    | Noticed a Tzitzimitl
 35952 | Elf:3    | Noticed an Ice Fiend
 35961 | Elf:3    | HP: 6/169 [Ice Fiend/bolt of cold[a deep elf demonologist] (18)]
 36169 | Elf:3    | Noticed a Tzitzimitl
 36187 | Elf:3    | Reached XP level 19. HP: 96/177 MP: 18/18
 36399 | Elf:3    | Identified the Compendium of Flamy Earth
 37062 | Elf:3    | Got an ichor-stained great sword
 37804 | D:15     | Entered Level 15 of the Dungeon
 37893 | D:15     | Received a gift from Trog
 38495 | D:15     | Found a staircase to the Depths.
 38508 | D:15     | Received a gift from Trog
 39125 | Shoals:1 | Entered Level 1 of the Shoals
 40043 | Shoals:2 | Received a gift from Trog
 40055 | Shoals:2 | Got a scorched morningstar
 40773 | Shoals:3 | Found Zaigeog's Magic Scroll Boutique.
 41185 | Shoals:4 | Entered Level 4 of the Shoals
 41225 | Shoals:4 | Received a gift from Trog
 41228 | Shoals:4 | Got a slimy hand axe {god gift}
 41238 | Shoals:4 | Identified the +8 hand axe of Behez {chop, Int+3} (Trog gifted it to you on level 4 of the Shoals)
 41240 | Shoals:4 | Identified the +7 morningstar of the Four Ghosts {drain, rF+ SInv} (You found it on level 2 of the Shoals)
 41388 | Shoals:4 | Noticed Polyphemus
 41410 | Shoals:4 | Killed Polyphemus
 41433 | Shoals:4 | Noticed Ilsuiw
 41453 | Shoals:4 | Killed Ilsuiw
 41567 | Shoals:4 | Reached XP level 20. HP: 54/191 MP: 19/19
 41629 | Shoals:4 | Got a barnacled rune of Zot
 41912 | Shoals:4 | Noticed Louise
 41932 | Shoals:4 | Killed Louise
 41975 | Shoals:4 | Received a gift from Trog
 42183 | Shoals:4 | Got a heavily runed chain mail
 42295 | Shoals:4 | Identified Fovvuq's Handbook of Creative Feathers
 42899 | D:9      | Identified the +0 chain mail of the Moon {Str+5} (You found it on level 4 of the Shoals)
 42948 | D:9      | Bought a scroll of enchant weapon for 112 gold pieces
 42948 | D:9      | Bought a potion of haste for 150 gold pieces
 42950 | D:9      | Got a translucent lead amulet
 42952 | D:9      | Identified the amulet "Norug" {Harm *Drain rElec MR+ SInv} (You acquired it on level 9 of the Dungeon)
 43179 | Slime:1  | Entered Level 1 of the Pits of Slime
 43212 | Slime:1  | Gained mutation: You are occasionally teleported next to monsters. [a shining eye]
 43392 | Slime:1  | Received a gift from Trog
 43794 | Slime:2  | Gained mutation: Your mind is acute. (Int +2) [a shining eye]
 44715 | Slime:3  | Received a gift from Trog
 44856 | Slime:3  | Lost mutation: You are occasionally teleported next to monsters. [a shining eye]
 44862 | Slime:3  | Gained mutation: You occasionally shout uncontrollably at your foes. [a shining eye]
 44864 | Slime:3  | Gained mutation: Your system is resistant to poisons. (rPois) [a shining eye]
 44866 | Slime:3  | Gained mutation: Potions are less effective at restoring your health. [a shining eye]
 44869 | Slime:3  | Lost mutation: Your mind is acute. (Int +2) [a shining eye]
 44881 | Slime:3  | Received a gift from Trog
 45070 | Slime:4  | Gained mutation: You are clumsy. (Dex -2) [a shining eye]
 45075 | Slime:4  | Lost mutation: You occasionally shout uncontrollably at your foes. [potion of mutation]
 45075 | Slime:4  | Lost mutation: You are clumsy. (Dex -2) [potion of mutation]
 45075 | Slime:4  | Lost mutation: Potions are less effective at restoring your health. [potion of mutation]
 45075 | Slime:4  | Lost mutation: Your spells are a little harder to cast, but a little more powerful. [potion of mutation]
 45075 | Slime:4  | Gained mutation: Your magical capacity is low. (-10% MP) [potion of mutation]
 45075 | Slime:4  | Lost mutation: Your magical capacity is low. (-10% MP) [potion of mutation]
 45075 | Slime:4  | Gained mutation: You are resistant to electric shocks. (rElec) [potion of mutation]
 45075 | Slime:4  | Gained mutation: You have an increased reservoir of magic. (+10% MP) [potion of mutation]
 45560 | Slime:5  | Entered Level 5 of the Pits of Slime
 45566 | Slime:5  | Reached XP level 21. HP: 160/201 MP: 22/22
 45758 | Slime:5  | Noticed the Royal Jelly
 45759 | Slime:5  | Found a viscous altar of Jiyva.
 45770 | Slime:5  | Killed the Royal Jelly
 45885 | Slime:5  | Got a crude copper ring
 45887 | Slime:5  | Got a slimy rune of Zot
 45996 | Slime:5  | Identified A Primer on Rites and Rhymes
 46004 | Slime:5  | Identified Sif Muna's Collected Works on Execration and Attacks
 46013 | Slime:5  | Identified the ring of the Establishment {Int+2 Dex+3} (You found it on level 5 of the Pits of Slime)
 46017 | Slime:5  | Got a faintly glowing copper amulet
 46018 | Slime:5  | Identified the amulet "Deos" {Faith *Drain +Fly Int+4 Dex+4} (You acquired it on level 5 of the Pits of Slime)
 46442 | Depths:1 | Entered Level 1 of the Depths
 46446 | Depths:1 | Received a gift from Trog
 46476 | Depths:1 | Received a gift from Trog
 46519 | Depths:1 | Found a gateway to Hell.
 46738 | Depths:1 | Gained mutation: Armour fits poorly on your strangely shaped body. [mutagenic meat]
 46739 | Depths:1 | Gained mutation: You have very sharp teeth. [mutagenic meat]
 46740 | Depths:1 | Lost mutation: Your system is resistant to poisons. (rPois) [mutagenic meat]
 46742 | Depths:1 | Lost mutation: You are resistant to electric shocks. (rElec) [mutagenic meat]
 46743 | Depths:1 | Lost mutation: Armour fits poorly on your strangely shaped body. [potion of mutation]
 46743 | Depths:1 | Lost mutation: You have very sharp teeth. [potion of mutation]
 46743 | Depths:1 | Gained mutation: Your body sometimes deteriorates upon taking damage. [potion of mutation]
 46743 | Depths:1 | Gained mutation: You are partially covered in slimy green scales. (AC +2) [potion of mutation]
 46743 | Depths:1 | Gained mutation: Your spells are a little easier to cast, but a little less powerful. [potion of mutation]
 46743 | Depths:1 | Gained mutation: You are agile. (Dex +2) [potion of mutation]
 46848 | Depths:1 | Noticed Asterion
 46849 | Depths:1 | Received a gift from Trog
 46858 | Depths:1 | Killed Asterion
 46933 | Depths:1 | Received a gift from Trog
 47419 | Depths:1 | Got a faintly glowing crystal amulet
 47644 | Depths:2 | Found a one-way gate leading to the halls of Pandemonium.
 47698 | Depths:2 | Received a gift from Trog
 47725 | Depths:2 | Gained mutation: You are partially covered in yellow scales. (AC +2) [mutagenic meat]
 47726 | Depths:2 | Lost mutation: Your body sometimes deteriorates upon taking damage. [mutagenic meat]
 47727 | Depths:2 | Lost mutation: You are partially covered in yellow scales. (AC +2) [mutagenic meat]
 47730 | Depths:2 | Gained mutation: Armour fits poorly on your strangely shaped body. [mutagenic meat]
 47731 | Depths:2 | Lost mutation: You are partially covered in slimy green scales. (AC +2) [potion of mutation]
 47731 | Depths:2 | Lost mutation: Your spells are a little easier to cast, but a little less powerful. [potion of mutation]
 47731 | Depths:2 | Gained mutation: You have large cloven feet. [potion of mutation]
 47731 | Depths:2 | Gained mutation: Your flesh is heat resistant. (rF+) [potion of mutation]
 47733 | Depths:2 | Gained mutation: You are very agile. (Dex +4) [mutagenic meat]
 47955 | Depths:2 | Reached XP level 22. HP: 209/209 MP: 23/23
 48053 | Depths:2 | Received a gift from Trog
 48109 | Depths:2 | Found Xoes Gull's Magic Scroll Boutique.
 48127 | Depths:2 | Bought a scroll of blinking for 97 gold pieces
 48127 | Depths:2 | Bought a scroll of identify for 26 gold pieces
 48127 | Depths:2 | Bought a scroll of blinking for 97 gold pieces
 48127 | Depths:2 | Identified the amulet "Peisenoe" {Inacc +Fly MR- Str+4} (You found it on level 1 of the Depths)
 48332 | Depths:2 | Received a gift from Trog
 48733 | Depths:2 | Found Myofit's Changing Room.
 48741 | Depths:2 | Bought a potion of mutation for 96 gold pieces
 48741 | Depths:2 | Bought a potion of mutation for 96 gold pieces
 48903 | Depths:2 | Lost mutation: Armour fits poorly on your strangely shaped body. [potion of mutation]
 48903 | Depths:2 | Lost mutation: You are very agile. (Dex +4) [potion of mutation]
 48903 | Depths:2 | Lost mutation: You have an increased reservoir of magic. (+10% MP) [potion of mutation]
 48903 | Depths:2 | Lost mutation: You are agile. (Dex +2) [potion of mutation]
 48903 | Depths:2 | Gained mutation: You have a moderately thin skeletal structure. (Dex +4, Stealth+) [potion of mutation]
 48903 | Depths:2 | Gained mutation: Your flesh is very heat resistant. (rF++) [potion of mutation]
 48903 | Depths:2 | Gained mutation: You are agile. (Dex +2) [potion of mutation]
 48981 | Depths:3 | Received a gift from Trog
 49167 | Depths:3 | Found a gateway to a ziggurat.
 49180 | Depths:3 | Received a gift from Trog
 49413 | Depths:3 | Received a gift from Trog
 49445 | Depths:3 | Lost mutation: You have large cloven feet. [mutagenic meat]
 49446 | Depths:3 | Gained mutation: Your body sometimes deteriorates upon taking damage. [mutagenic meat]
 49447 | Depths:3 | Lost mutation: You are agile. (Dex +2) [mutagenic meat]
 49449 | Depths:3 | Gained mutation: You are frail. (-10% HP) [mutagenic meat]
 49450 | Depths:3 | Lost mutation: You have a moderately thin skeletal structure. (Dex +4, Stealth+) [mutagenic meat]
 49451 | Depths:3 | Lost mutation: Your flesh is very heat resistant. (rF++) [potion of mutation]
 49451 | Depths:3 | Lost mutation: You have a somewhat thin skeletal structure. (Dex +2, Stealth) [potion of mutation]
 49451 | Depths:3 | Lost mutation: You are frail. (-10% HP) [potion of mutation]
 49451 | Depths:3 | Gained mutation: You passively map a small area around you. [potion of mutation]
 49451 | Depths:3 | Gained mutation: Your spells are a little harder to cast, but a little more powerful. [potion of mutation]
 49454 | Depths:3 | Got a twisted plate armour
 49465 | Depths:3 | Identified the cursed +1 plate armour of Servitude {Slay+6} (You found it on level 3 of the Depths)
 49547 | Depths:3 | Received a gift from Trog
 49608 | Depths:3 | Gained mutation: You can translocate small distances at will. [mutagenic meat]
 49609 | Depths:3 | Gained mutation: Your spells are harder to cast, but more powerful. [mutagenic meat]
 49610 | Depths:3 | Gained mutation: Your movements are slightly less encumbered by armour. (ER -2) [mutagenic meat]
 49611 | Depths:3 | Gained mutation: Your movements are less encumbered by armour. (ER -4) [mutagenic meat]
 49613 | Depths:3 | Gained mutation: Your mind is acute. (Int +2) [mutagenic meat]
 49614 | Depths:3 | Gained mutation: You are frail. (-10% HP) [mutagenic meat]
 49618 | Depths:3 | Lost mutation: Your flesh is heat resistant. (rF+) [mutagenic meat]
 49646 | Depths:3 | Reached XP level 23. HP: 192/198 MP: 22/22
 49851 | Depths:4 | Gained mutation: You are clumsy. (Dex -2) [a shining eye]
 49875 | Depths:4 | Lost mutation: You are frail. (-10% HP) [potion of mutation]
 49875 | Depths:4 | Lost mutation: You are clumsy. (Dex -2) [potion of mutation]
 49875 | Depths:4 | Lost mutation: Your mind is acute. (Int +2) [potion of mutation]
 49875 | Depths:4 | Lost mutation: You passively map a small area around you. [potion of mutation]
 49875 | Depths:4 | Lost mutation: Your body sometimes deteriorates upon taking damage. [potion of mutation]
 49875 | Depths:4 | Gained mutation: You have a pair of large horns on your head. [potion of mutation]
 49875 | Depths:4 | Gained mutation: You are covered in fur. (AC +1) [potion of mutation]
 49875 | Depths:4 | Gained mutation: Your mind is acute. (Int +2) [potion of mutation]
 50060 | Depths:4 | Gained mutation: You possess an exceptional clarity of mind. [mutagenic meat]
 50061 | Depths:4 | Gained mutation: You are partially covered in molten scales. (AC +2) [mutagenic meat]
 50063 | Depths:4 | Lost mutation: You possess an exceptional clarity of mind. [mutagenic meat]
 50065 | Depths:4 | Gained mutation: Your muscles are strong. (Str +2) [mutagenic meat]
 50068 | Depths:4 | Lost mutation: Your muscles are strong. (Str +2) [mutagenic meat]
 50240 | Depths:4 | Received a gift from Trog
 50279 | Depths:4 | Lost mutation: Your mind is acute. (Int +2) [mutagenic meat]
 50280 | Depths:4 | Lost mutation: You are covered in fur. (AC +1) [mutagenic meat]
 50281 | Depths:4 | Gained mutation: Armour fits poorly on your strangely shaped body. [mutagenic meat]
 50282 | Depths:4 | Lost mutation: Armour fits poorly on your strangely shaped body. [potion of mutation]
 50282 | Depths:4 | Lost mutation: You can translocate small distances at will. [potion of mutation]
 50282 | Depths:4 | Gained mutation: You are frail. (-10% HP) [potion of mutation]
 50282 | Depths:4 | Gained mutation: Your muscles are strong. (Str +2) [potion of mutation]
 50283 | Depths:4 | Gained mutation: You are resistant to hostile enchantments. (MR+) [mutagenic meat]
 50285 | Depths:4 | Gained mutation: You possess an exceptional clarity of mind. [mutagenic meat]
 50286 | Depths:4 | Gained mutation: Your mind is acute. (Int +2) [mutagenic meat]
 50289 | Depths:4 | Gained mutation: Potions are less effective at restoring your health. [mutagenic meat]
 50290 | Depths:4 | Gained mutation: You are highly resistant to hostile enchantments. (MR++) [mutagenic meat]
 50293 | Depths:4 | Lost mutation: Your mind is acute. (Int +2) [mutagenic meat]
 50298 | Depths:4 | Gained mutation: Your body sometimes deteriorates upon taking damage. [mutagenic meat]
 50299 | Depths:4 | Lost mutation: You possess an exceptional clarity of mind. [mutagenic meat]
 50300 | Depths:4 | Gained mutation: Armour fits poorly on your strangely shaped body. [mutagenic meat]
 50301 | Depths:4 | Lost mutation: You are frail. (-10% HP) [potion of mutation]
 50301 | Depths:4 | Lost mutation: You are highly resistant to hostile enchantments. (MR++) [potion of mutation]
 50301 | Depths:4 | Lost mutation: Your body sometimes deteriorates upon taking damage. [potion of mutation]
 50301 | Depths:4 | Lost mutation: Your muscles are strong. (Str +2) [potion of mutation]
 50301 | Depths:4 | Gained mutation: You have large cloven feet. [potion of mutation]
 50505 | Depths:4 | Found Buesk's Antique Weapon Shoppe.
 50537 | Depths:4 | Bought the +8 mithril axe "Arga" {speed, MR+} for 2519 gold pieces
 51027 | Depths:5 | Entered Level 5 of the Depths
 51053 | Depths:5 | Noticed a juggernaut
 51061 | Depths:5 | Killed a juggernaut
 51222 | Depths:5 | Found a gate to the Realm of Zot.
 51231 | Zot:1    | Entered Level 1 of the Realm of Zot
 51320 | Zot:2    | Received a gift from Trog
 51411 | Zot:2    | Noticed a Killer Klown
 51429 | Zot:2    | Killed a Killer Klown
 51596 | Zot:4    | Reached XP level 24. HP: 182/229 MP: 18/22
 51740 | Zot:4    | Received a gift from Trog
 52094 | Zot:5    | Entered Level 5 of the Realm of Zot
 52331 | Zot:5    | Received a gift from Trog
 52336 | Zot:5    | Noticed an ancient lich
 52342 | Zot:5    | Noticed an orb of fire
 52350 | Zot:5    | Noticed an orb of fire
 52350 | Zot:5    | Killed an ancient lich
 52353 | Zot:5    | Noticed an orb of fire
 52360 | Zot:5    | Gained mutation: Your body sometimes deteriorates upon taking damage. [an orb of fire]
 52361 | Zot:5    | Lost mutation: Your body sometimes deteriorates upon taking damage. [potion of mutation]
 52361 | Zot:5    | Lost mutation: Armour fits poorly on your strangely shaped body. [potion of mutation]
 52361 | Zot:5    | Lost mutation: Your spells are harder to cast, but more powerful. [potion of mutation]
 52361 | Zot:5    | Lost mutation: You are resistant to hostile enchantments. (MR+) [potion of mutation]
 52361 | Zot:5    | Lost mutation: Potions are less effective at restoring your health. [potion of mutation]
 52361 | Zot:5    | Lost mutation: Your spells are a little harder to cast, but a little more powerful. [potion of mutation]
 52361 | Zot:5    | Gained mutation: Your natural rate of healing is unusually fast. [potion of mutation]
 52365 | Zot:5    | Gained mutation: Your spells are a little easier to cast, but a little less powerful. [an orb of fire]
 52366 | Zot:5    | HP: 3/237 [orb of fire/bolt of fire (54)]
 52366 | Zot:5    | Killed from afar by an orb of fire

Skill      XL: |  1  2  3  4  5  6  7  8  9 10 11 12 13 14 15 16 17 18 19 20 21 22 23 24 |
---------------+-------------------------------------------------------------------------+-----
Axes           | 4 5 6 7 8 11 13 15 17 19 20 21 22 23 | 23.7
Fighting       | 4 5 6 7 8 10 13 15 17 19 20 21 22 23 | 23.7
Armour         | 3 4 5 6 7 8 12 14 15 17 18 20 21 23 | 23.0
Shields        | 6 13 15 17 19 20 | 20.8
Dodging        | 7 11 13 15 16 18 | 18.3
Throwing       | 5 |  5.2
Crossbows      | 6 10 12 13 | 13.4

Action                   |  1- 3 |  4- 6 |  7- 9 | 10-12 | 13-15 | 16-18 | 19-21 | 22-24 || total
-------------------------+-------+-------+-------+-------+-------+-------+-------+-------++-------
Melee: Hand axe          |    57 |   109 |   315 |       |       |       |    24 |       ||   505
       Headbutt          |     6 |    24 |    82 |    97 |   226 |   248 |   359 |   348 ||  1390
       Battleaxe         |       |       |   104 |    55 |       |       |       |       ||   159
       Broad axe         |       |       |       |   429 |  1023 |  1040 |  1269 |   869 ||  4630
       Morningstar       |       |       |       |       |     5 |       |       |       ||     5
 Fire: Hunting sling     |    60 |    48 |    63 |       |       |       |       |       ||   171
       Blowgun           |       |    11 |     7 |     9 |       |     5 |       |       ||    32
       Hand crossbow     |       |       |    15 |    10 |       |    50 |    56 |     7 ||   138
Throw: Javelin           |       |       |       |       |     4 |    75 |       |       ||    79
       Throwing net      |       |       |       |       |       |     1 |       |       ||     1
Invok: Berserk           |     1 |     1 |     2 |     2 |     8 |    10 |     4 |     1 ||    29
       Trog's Hand       |       |       |     2 |     1 |     4 |     5 |     5 |     1 ||    18
       Brothers in Arms  |       |       |     1 |     1 |     6 |     8 |     5 |     8 ||    29
       Burn Spellbooks   |       |       |       |     1 |       |       |       |       ||     1
Evoke: Wand              |       |       |     3 |       |     3 |     6 |     2 |     7 ||    21
  Use: Scroll            |       |     9 |     8 |     6 |    14 |    18 |    19 |    10 ||    84
       Potion            |       |       |     3 |     4 |     2 |     7 |     3 |    10 ||    29
 Stab: Distracted        |       |       |       |       |     1 |     2 |     2 |     1 ||     6
       Invisible         |       |       |       |       |     1 |       |       |       ||     1
       Sleeping          |       |       |       |       |       |     1 |     2 |       ||     3
  Eat: Chunk             |     4 |     7 |    16 |    20 |    36 |    32 |    45 |    60 ||   220
       Meat ration       |       |       |     1 |     1 |     3 |     1 |     1 |       ||     7
       Fruit             |       |       |       |     2 |       |       |       |       ||     2
       Bread ration      |       |       |       |       |     1 |       |       |       ||     1
       Royal jelly       |       |       |       |       |       |     1 |     6 |     3 ||    10
Armor: Animal skin       |     6 |       |       |       |       |       |       |       ||     6
       Leather armour    |     8 |    21 |    11 |       |       |       |       |       ||    40
       Ring mail         |       |       |    82 |       |    78 |   157 |    97 |       ||   414
       Chain mail        |       |       |    53 |   175 |   144 |       |    70 |    21 ||   463
       Plate armour      |       |       |       |       |       |       |       |    92 ||    92
Dodge: Dodged            |    43 |    74 |   188 |   132 |   567 |   582 |   735 |   433 ||  2754
Block: Other             |       |       |    24 |    48 |       |       |       |       ||    72
       Shield            |       |       |       |   171 |   925 |   919 |  1043 |   641 ||  3699
       Reflection        |       |       |       |     2 |    13 |    61 |     7 |       ||    83
